 Dungeon Sprint DCSS version 0.30.1-9-gdf580d7c3d (webtiles) character file.

Game seed: 6167126175322948176

49368 Heoruswealwe the Archmage (level 14, -1/68 HPs)
             Began as a Deep Elf Summoner on Oct 3, 2023.
             Was the Champion of Sif Muna.
             Killed from afar by an ice dragon (35 damage)
             ... with a blast of cold
             ... in the Dungeon (Sprint IX: "|||||||||||||||||||||||||||||").
             The game lasted 01:14:35 (4883 turns).

Heoruswealwe the Archmage (Deep Elf Summoner)       Turns: 4883, Time: 01:14:35

Health: -1/68      AC:  5    Str:  5    XL:     14   Next: 15%
Magic:  20/47      EV: 20    Int: 26    God:    Sif Muna [******]
Gold:   364        SH:  0    Dex: 15    Spells: 4/67 levels left

rFire   + . .        a - +6 scimitar (flame)
rCold   . . .        (no shield)
rNeg    . . .        c - +0 robe {rF+}
rPois   +            g - +0 hat
rElec   .            h - scarf {repulsion}
rCorr   +            f - +0 pair of gloves
SInv    .            e - +1 pair of boots
Will    +....        (no amulet)
Stlth   +++++++      k - ring of poison resistance
HPRegen 0.31/turn    j - ring of resist corrosion
MPRegen 0.30/turn

%: no teleportation, repel missiles
@: no status effects
A: no striking features
a: Renounce Religion, Channel Magic, Forget Spell, Divine Exegesis


You were in the Dungeon.
You worshipped Sif Muna.
Sif Muna was exalted by your worship.
You visited 1 branch You collected 1938 gold pieces.
You spent 1574 gold pieces at shops.

Inventory:

Hand Weapons
 a - a +6 scimitar of flaming (weapon)
 b - a +2 hand crossbow of flaming
 d - a +0 lajatang of speed
Armour
 c - a +0 robe of fire resistance (worn)
 e - a +1 pair of boots (worn)
 f - a +0 pair of gloves (worn)
 g - a +0 hat (worn)
 h - a scarf of repulsion (worn)
 w - a +3 troll leather armour {Snorg}
Jewellery
 j - a ring of resist corrosion (right hand)
 k - a ring of poison resistance (left hand)
 r - a ring of protection from fire
 s - a ring of protection from cold
Wands
 i - a wand of light (10)
Scrolls
 o - 6 scrolls of identify
 p - 6 scrolls of enchant armour
 q - a scroll of blinking
Potions
 l - a potion of invisibility
 m - a potion of magic
 n - a potion of mutation
 t - 2 potions of haste
 u - a potion of brilliance
 v - 5 potions of curing


   Skills:
 + Level 11.0 Long Blades
 - Level 11.3 Ranged Weapons
 + Level 14.4 Dodging
 + Level 19.1 Stealth
 O Level 27 Spellcasting
 + Level 26.1 Summonings
 + Level 9.1 Transmutations


You had 4 spell levels left.
You knew the following spells:

 Your Spells              Type           Power      Damage    Failure   Level
a - Summon Small Mammal   Summ           100%       N/A       0%          1
b - Call Imp              Summ           100%       N/A       0%          2
c - Call Canine Familiar  Summ           100%       N/A       0%          3
d - Summon Guardian Gole  Hex/Summ       80%        N/A       0%          3
e - Summon Lightning Spi  Summ/Air       80%        N/A       1%          4
f - Animate Armour        Summ/Erth      100%       N/A       1%          4
g - Summon Ice Beast      Ice/Summ       80%        N/A       1%          4
h - Summon Mana Viper     Hex/Summ       80%        N/A       1%          5
i - Summon Cactus Giant   Summ           53%        N/A       0%          6
j - Summon Hydra          Summ           53%        N/A       0%          7
k - Monstrous Menagerie   Summ           53%        N/A       0%          7
l - Summon Horrible Thin  Summ           53%        N/A       1%          8
m - Dragon's Call         Summ           53%        N/A       1%          9

Your spell library contained the following spells:

 Spells                   Type           Power      Damage    Failure   Level
 Beastly Appendage        Tmut           100%       N/A       1%          1
 Sting                    Tmut/Pois      100%       1d8       1%          1
 Cigotuvi's Dreadful Rot  Necr/Pois/Air  70%        N/A       1%          2
 Momentum Strike          Conj/Tloc      70%        3d9       1%          2
 Poisonous Vapours        Pois/Air       70%        N/A       1%          2
 Sublimation of Blood     Necr           35%        N/A       1%          2
 Wereblood                Tmut           70%        N/A       1%          2
 Petrify                  Tmut/Erth      56%        N/A       1%          4
 Confusing Touch          Hex            35%        N/A       2%          3
 Hailstorm                Conj/Ice       35%        3d9       2%          3
 Ozocubu's Armour         Ice            35%        N/A       2%          3
 Portal Projectile        Hex/Tloc       70%        N/A       2%          3
 Stone Arrow              Conj/Erth      70%        3d11      2%          3
 Tukima's Dance           Hex            35%        N/A       2%          3
 Vampiric Draining        Necr           35%        2d8       2%          3
 Volatile Blastmotes      Fire/Tloc      70%        2d15      2%          3
 Airstrike                Air            17%        2d(3-19)  8%          4
 Anguish                  Hex/Necr       17%        N/A       8%          4
 Animate Dead             Necr           35%        N/A       8%          4
 Dispel Undead            Necr           35%        3d15      8%          4
 Fulminant Prism          Conj/Hex       17%        3d11      8%          4
 Leda's Liquefaction      Hex/Erth       17%        N/A       8%          4
 Sticky Flame             Conj/Fire      35%        2d5       8%          4
 Blade Hands              Tmut           35%        N/A       1%          5
 Summon Forest            Summ/Tloc      40%        N/A       1%          5
 Alistair's Intoxication  Tmut/Pois      37%        N/A       3%          5
 Yara's Violent Unravell  Hex/Tmut       28%        3d12      3%          5
 Haunt                    Necr/Summ      40%        N/A       3%          7
 Malign Gateway           Summ/Tloc      40%        N/A       3%          7
 Dragon Form              Tmut           35%        N/A       16%         7
 Eringya's Noxious Bog    Tmut/Pois      28%        N/A       19%         6
 Statue Form              Tmut/Erth      37%        N/A       19%         6
 Arcjolt                  Conj/Air       17%        1d27      22%         5
 Freezing Cloud           Conj/Ice/Air   17%        6-21      22%         5
 Metabolic Englaciation   Hex/Ice        17%        N/A       22%         5
 Silence                  Hex/Air        17%        N/A       22%         5
 Conjure Ball Lightning   Conj/Air       17%        3x3d6     77%         6
 Plasma Beam              Fire/Air       17%        2x1d32    77%         6
 Enfeeble                 Hex            17%        N/A       100%        7
 Ozocubu's Refrigeration  Ice            17%        4d11      100%        7
 Maxwell's Capacitive Co  Air            17%        ∞         100%        8
 Necromutation            Tmut/Necr      28%        N/A       100%        8
 Chain Lightning          Conj/Air       17%        3d23      100%        9
 Death's Door             Necr           17%        N/A       100%        9
 Fire Storm               Conj/Fire      17%        8d5       100%        9
 Polar Vortex             Ice            17%        N/A       100%        9
 Shatter                  Erth           17%        3d16*     100%        9


Dungeon Overview and Level Annotations

Branches:
Dungeon (1/1)

Altars:
Cheibriados
Dithmenos
Elyvilon
Fedhas
Gozag
Hepliaklqana
Kikubaaqudgha
Makhleb
Nemelex Xobeh
Okawaru
Qazlal
Ru
Sif Muna
Trog
Uskayaw
Vehumet
Wu Jian
Xom
Yredelemnul
Zin
The Shining One
Jiyva
Lugonu

Shops:
D [(:*


Message History

The blast of cold hits you!!!
Ouch! That really hurt!
You are too injured to fight recklessly!
Casting: Monstrous Menagerie (safe; 0% risk of failure)
Confirm with . or Enter, or press ? or * to list all spells.
You summon a manticore!
A frost giant comes into view.
It is wielding a +1 battleaxe of freezing.
There is an open door to the Dungeon, spattered with blood here.
You swap places.
Your manticore bites the ice dragon.
Your manticore barely misses the ice dragon.
Your manticore claws the ice dragon.
The ice dragon bites your manticore. The ice dragon claws your manticore!
The ice dragon tramples your manticore.
Your manticore holds its ground!
Your manticore bites the ice dragon!
Your manticore claws the ice dragon!
Your manticore claws the ice dragon.
You see here a deep troll skeleton.
The ice dragon closely misses your manticore.
The ice dragon claws your manticore!
The ice dragon barely misses your manticore.
Your manticore bites the ice dragon!
Your manticore claws the ice dragon.
Your manticore barely misses the ice dragon.
The ice dragon bites your manticore!
The ice dragon claws your manticore but does no damage.
The ice dragon tramples your manticore!
Your manticore holds its ground!
Your manticore barely misses the ice dragon.
Your manticore claws the ice dragon but does no damage. x2
The ice dragon completely misses your manticore.
The ice dragon claws your manticore. The ice dragon tramples your manticore!
Your manticore is shoved backwards!
Your manticore bites the ice dragon.
Your manticore completely misses the ice dragon.
Your manticore claws the ice dragon but does no damage.
The frost giant points at you and mumbles some strange words.
The bolt of cold hits the ice dragon.
The ice dragon resists.
The bolt of cold hits your manticore!!!
Your manticore dies!
Your manticore's corpse disappears in a puff of smoke!
The ice dragon breathes frost at you. The blast of cold hits you!!
Ouch! That really hurt!
You die...

†▓.▓.▓.▓)▓.♣.♣.▓)▓,*,*,*+*,*,*,*,
.▓.▓.▓.▓)▓.♣)♣.▓.▓,*,*,*,*,*,*,*,
÷▓.▓.▓.▓)▓.♣.♣.▓C▓,*,*,*,*,*,*,*,
÷▓.▓.▓.▓)▓.♣.♣.▓(▓,*,*,*,*,*,*,*,
.▓.▓.▓.▓)▓.♣.♣)▓D▓,*,*,*,*,*,*,*,
†▓.▓.▓.▓)▓.♣)♣.▓§▓,*,*,*,*,*,*,*,
[▓.▓[▓.▓)▓.♣'♣.▓÷▓,*,*,*,*,*,*,*,
=▓.▓)▓.▓.▓.▓.▓.▓.▓,*,*,*,*,*,*,*,
.▓.▓)▓.▓=▓.▓.▓†▓@▓,*,*,*,*,*,*,*,
.▓.▓)▓.▓.▓.▓.▓.▓.▓,*+*,*,*,*,*,*,
.▓.▓.▓.▓.▓.▓.▓)▓[▓,*,*,*,*,*,*,*,
.▓.▓.▓.▓=▓.▓.▓)▓.▓,*,*,*,*,*+*,*,
!▓.▓.▓.▓'▓.▓.▓[▓.▓,*,*,*,*,*,*,*,
.▓.▓.▓.▓.▓.▓)▓.▓.▓,*,*,*,*,*,*,*,
'▓.▓.▓.▓.▓.▓.▓)▓.▓,*,*,*+*,*,*,*+
.▓.▓.▓.▓.▓.▓.▓.▓.▓,*,*,*,*,*,*,*,
.▓.▓.▓.▓.▓.▓†▓.▓)▓,*,*,*,*,*,*,*,


You could see a frost giant and an ice dragon (catching breath).

Vanquished Creatures (collateral kills)
  Saint Roka (D)
  A fire giant (D)
  A frost giant (D)
  3 very ugly things (D)
  A spriggan defender (D)
  3 stone giants (D)
  A spark wasp (D)
  A bunyip (D)
  Snorg (D)
  A merfolk impaler (D)
  2 entropy weavers (D)
  A merfolk javelineer (D)
  A fire dragon (D)
  2 hydras (D)
  A centaur warrior (D)
  Harold (D)
  3 ghost crabs (D)
  A catoblepas (D)
  A two-headed ogre (D)
  An alligator snapping turtle (D)
  3 tengu warriors (D)
  4 deep troll shamans (D)
  A boulder beetle (D)
  2 naga sharpshooters (D)
  A spriggan berserker (D)
  A spriggan (D)
  A salamander mystic (D)
  A sun moth (D)
  A spriggan druid (D)
  A swamp dragon (D)
  2 glowing orange brains (D)
  A wizard (D)
  A deep elf pyromancer (D)
  An orc knight (D)
  2 mana vipers (D)
  8 orc sorcerers (D)
  An ugly thing (D)
  A wolf spider (D)
  2 steelbarb worms (D)
  A will-o-the-wisp (D)
  3 cyclopes (D)
  2 manticores (D)
  Maurice (D)
  5 black mambas (D)
  2 naga magi (D)
  A gargoyle (D)
  2 yaktaurs (D)
  4 cane toads (D)
  2 komodo dragons (D)
  3 polar bears (D)
  4 merfolk (D)
  A wind drake (D)
  2 hornets (D)
  2 blink frogs (D)
  A dream sheep (D)
  A slime creature (D)
  A yak (D)
  2 redbacks (D)
  A warg (D)
  3 water moccasins (D)
  8 orc warriors (D)
  5 black bears (D)
  2 centaurs (D)
  A scorpion (D)
  A killer bee (D)
  4 orc priests (D)
  A hound (D)
  A jelly (D)
  11 orc wizards (D)
  An adder (D)
  A white imp (D)
  13 orcs (D)
  2 ball pythons (D)
  A goblin (D)
  A jackal (D)
  A bat (D)
161 creatures vanquished.

Vanquished Creatures (others)
  A tengu conjurer (D)
1 creature vanquished.

Grand Total: 162 creatures vanquished

Notes
Turn   | Place    | Note
-------+----------+-------------------------------------------
     0 | D        | Heoruswealwe the Deep Elf Summoner began the quest for the
                  | Orb.
     0 | D        | Reached XP level 1. HP: 10/10 MP: 6/6
    61 | D        | Reached skill level 4 in Spellcasting
    61 | D        | Reached skill level 5 in Summonings
   195 | D        | Noticed a hound
   195 | D        | Noticed a scorpion
   195 | D        | Noticed a jelly
   204 | D        | Killed a jelly
   205 | D        | Reached skill level 6 in Spellcasting
   205 | D        | Reached XP level 2. HP: 15/15 MP: 6/11
   205 | D        | Reached XP level 3. HP: 19/19 MP: 7/13
   210 | D        | Learned a level 3 spell: Call Canine Familiar
   228 | D        | Killed a scorpion
   229 | D        | Reached skill level 8 in Spellcasting
   229 | D        | Reached XP level 4. HP: 24/24 MP: 2/16
   239 | D        | Reached skill level 9 in Spellcasting
   241 | D        | Reached XP level 5. HP: 28/28 MP: 1/19
   355 | D        | Learned a level 2 spell: Call Imp
   359 | D        | Learned a level 3 spell: Summon Guardian Golem
   364 | D        | Learned a level 4 spell: Summon Lightning Spire
   367 | D        | Found a snail-covered altar of Cheibriados.
   367 | D        | Found a shadowy altar of Dithmenos.
   367 | D        | Found a white marble altar of Elyvilon.
   367 | D        | Found a blossoming altar of Fedhas.
   367 | D        | Found an opulent altar of Gozag.
   370 | D        | Found a hazy altar of Hepliaklqana.
   371 | D        | Found a viscous altar of Jiyva.
   372 | D        | Found an ancient bone altar of Kikubaaqudgha.
   373 | D        | Found a corrupted altar of Lugonu.
   374 | D        | Found a burning altar of Makhleb.
   375 | D        | Found a sparkling altar of Nemelex Xobeh.
   376 | D        | Found an iron altar of Okawaru.
   377 | D        | Found a stormy altar of Qazlal.
   378 | D        | Found a sacrificial altar of Ru.
   379 | D        | Found a shimmering blue altar of Sif Muna.
   380 | D        | Found a bloodstained altar of Trog.
   381 | D        | Found a hide-covered altar of Uskayaw.
   382 | D        | Found a radiant altar of Vehumet.
   383 | D        | Found an ornate altar of the Wu Jian Council.
   384 | D        | Found a shimmering altar of Xom.
   385 | D        | Found a basalt altar of Yredelemnul.
   386 | D        | Found a glowing silver altar of Zin.
   387 | D        | Became a worshipper of Sif Muna the Loreminder
   388 | D        | Found a glowing golden altar of the Shining One.
   445 | D        | Noticed a centaur
   445 | D        | Noticed a two-headed ogre
   445 | D        | Noticed a centaur
   449 | D        | Reached skill level 10 in Spellcasting
   450 | D        | Killed a centaur
   451 | D        | Reached skill level 11 in Spellcasting
   451 | D        | Reached skill level 10 in Summonings
   459 | D        | Reached * piety under Sif Muna
   460 | D        | Reached skill level 12 in Spellcasting
   460 | D        | Reached XP level 6. HP: 28/32 MP: 13/23
   464 | D        | Reached skill level 13 in Spellcasting
   513 | D        | Killed a two-headed ogre
   513 | D        | Reached ** piety under Sif Muna
   514 | D        | Reached skill level 15 in Spellcasting
   514 | D        | Reached XP level 7. HP: 36/36 MP: 7/28
   617 | D        | Noticed a cyclops
   617 | D        | Noticed a catoblepas
   617 | D        | Noticed a tengu conjurer
   617 | D        | Noticed a gargoyle
   617 | D        | Noticed a cyclops
   617 | D        | Noticed a cyclops
   618 | D        | HP: 1/36 [cyclops/large rock (35)]
   625 | D        | Killed a cyclops
   626 | D        | Reached skill level 16 in Spellcasting
   626 | D        | Reached XP level 8. HP: 40/41 MP: 23/30
   631 | D        | Killed a cyclops
   631 | D        | Killed a tengu conjurer
   632 | D        | Reached skill level 18 in Spellcasting
   632 | D        | Reached skill level 15 in Summonings
   674 | D        | Killed a catoblepas
   675 | D        | Reached skill level 19 in Spellcasting
   675 | D        | Reached XP level 9. HP: 36/45 MP: 19/34
   684 | D        | Killed a gargoyle
   684 | D        | Reached *** piety under Sif Muna
   696 | D        | Killed a cyclops
   697 | D        | Reached skill level 20 in Spellcasting
  1109 | D        | Noticed a komodo dragon
  1109 | D        | Noticed a black mamba
  1116 | D        | Killed a black mamba
  1123 | D        | Reached **** piety under Sif Muna
  1126 | D        | Noticed a komodo dragon
  1126 | D        | Killed a komodo dragon
  1127 | D        | Reached skill level 21 in Spellcasting
  1127 | D        | Reached XP level 10. HP: 50/50 MP: 34/37
  1127 | D        | Noticed a cane toad
  1132 | D        | Reached ***** piety under Sif Muna
  1132 | D        | Received a gift from Sif Muna
  1132 | D        | Killed a cane toad
  1133 | D        | Got Sif Muna's Folio of Injury and Bringing Forth {god
                  | gift}
  1140 | D        | Learned a level 5 spell: Summon Forest
  1144 | D        | Noticed a cane toad
  1147 | D        | Learned a level 6 spell: Summon Cactus Giant
  1150 | D        | Killed a cane toad
  1160 | D        | Learned a level 8 spell: Summon Horrible Things
  1180 | D        | Noticed a cane toad
  1180 | D        | Noticed a black mamba
  1180 | D        | Noticed a black mamba
  1183 | D        | Reached skill level 22 in Spellcasting
  1185 | D        | Killed a black mamba
  1186 | D        | Killed a black mamba
  1186 | D        | Noticed a six-headed hydra
  1188 | D        | Killed a cane toad
  1189 | D        | Noticed a cane toad
  1200 | D        | Received a gift from Sif Muna
  1210 | D        | Killed a cane toad
  1211 | D        | Reached skill level 23 in Spellcasting
  1213 | D        | Killed a six-headed hydra
  1348 | D        | Got Sif Muna's Quarto of Rancid Hypothermia {god gift}
  1370 | D        | Reached XP level 11. HP: 54/54 MP: 35/40
  1382 | D        | Received a gift from Sif Muna
  1384 | D        | Reached skill level 24 in Spellcasting
  1384 | D        | Got Sif Muna's Quarto of the Friendly Jinx {god gift}
  1405 | D        | Learned a level 5 spell: Summon Mana Viper
  1413 | D        | Learned a level 7 spell: Summon Hydra
  1421 | D        | Learned a level 7 spell: Malign Gateway
  1509 | D        | Noticed Maurice
  1510 | D        | Noticed Harold
  1520 | D        | Killed Harold
  1564 | D        | Killed Maurice
  1761 | D        | Received a gift from Sif Muna
  1831 | D        | Got Akluyd Uxota's Secrets of the Throng {god gift}
  1837 | D        | Learned a level 4 spell: Animate Armour
  1847 | D        | Learned a level 7 spell: Monstrous Menagerie
  2091 | D        | Noticed an orc knight
  2097 | D        | Received a gift from Sif Muna
  2101 | D        | Killed an orc knight
  2101 | D        | Reached ****** piety under Sif Muna
  2102 | D        | Reached skill level 25 in Spellcasting
  2105 | D        | Got Ocexkiq's Excursus on Graupel {god gift}
  2111 | D        | Received a gift from Sif Muna
  2112 | D        | Got Sif Muna's Vellum of the Foggy Shot {god gift}
  2118 | D        | Learned a level 4 spell: Summon Ice Beast
  2184 | D        | Found Tery's General Store.
  2184 | D        | Noticed an orc sorcerer
  2184 | D        | Noticed an orc sorcerer
  2184 | D        | Noticed an orc sorcerer
  2190 | D        | Killed an orc sorcerer
  2190 | D        | Killed an orc sorcerer
  2193 | D        | Killed an orc sorcerer
  2202 | D        | Received a gift from Sif Muna
  2203 | D        | Got Sif Muna's Parchment of Feathery Topography {god gift}
  2205 | D        | Found Unwiej's Book Shop.
  2209 | D        | Found Nazotaw's Antique Weapon Boutique.
  2211 | D        | Noticed an orc sorcerer
  2215 | D        | Found Xaam's Armour Shop.
  2216 | D        | Noticed an orc sorcerer
  2219 | D        | Killed an orc sorcerer
  2219 | D        | Noticed an orc sorcerer
  2221 | D        | Killed an orc sorcerer
  2222 | D        | Reached skill level 26 in Spellcasting
  2223 | D        | Killed an orc sorcerer
  2225 | D        | Noticed an orc sorcerer
  2234 | D        | Killed an orc sorcerer
  2665 | D        | Bought a scroll of identify for 28 gold pieces
  2665 | D        | Bought a scroll of magic mapping for 105 gold pieces
  2665 | D        | Bought a scroll of identify for 28 gold pieces
  2665 | D        | Bought a potion of ambrosia for 112 gold pieces
  2677 | D        | Bought a glowing hand crossbow for 149 gold pieces
  2684 | D        | Bought a +0 hat for 48 gold pieces
  2684 | D        | Bought a scarf of repulsion for 144 gold pieces
  2722 | D        | Bought a manual of Stealth for 960 gold pieces
  2876 | D        | Noticed a boulder beetle
  2876 | D        | Noticed a deep elf pyromancer
  2876 | D        | Noticed a centaur warrior
  2881 | D        | Killed a centaur warrior
  2884 | D        | Killed a deep elf pyromancer
  2889 | D        | Killed a boulder beetle
  2889 | D        | Received a gift from Sif Muna
  2890 | D        | Reached XP level 12. HP: 48/59 MP: 33/44
  2891 | D        | Noticed a tengu warrior
  2915 | D        | Reached skill level 27 in Spellcasting
  2919 | D        | Reached skill level 1 in Ranged Weapons
  2929 | D        | Reached skill level 1 in Long Blades
  2937 | D        | Killed a tengu warrior
  2940 | D        | Got Sif Muna's Incunable of Bewitchment {god gift}
  3079 | D        | Noticed a white very ugly thing
  3083 | D        | Noticed a stone giant
  3093 | D        | Killed a white very ugly thing
  3112 | D        | Killed a stone giant
  3113 | D        | Reached skill level 5 in Dodging
  3123 | D        | Received a gift from Sif Muna
  3124 | D        | Reached skill level 5 in Ranged Weapons
  3124 | D        | Got Sif Muna's Secrets of the Macabre Sky {god gift}
  3141 | D        | Noticed a deep troll shaman
  3147 | D        | Killed a deep troll shaman
  3170 | D        | Noticed a stone giant
  3183 | D        | Killed a stone giant
  3204 | D        | Noticed a tengu warrior
  3210 | D        | Killed a tengu warrior
  3211 | D        | Reached skill level 10 in Stealth
  3632 | D        | Noticed a ghost crab
  3632 | D        | Noticed a ghost crab
  3632 | D        | Noticed a ghost crab
  3641 | D        | Killed a ghost crab
  3641 | D        | Killed a ghost crab
  3642 | D        | Reached skill level 5 in Long Blades
  3644 | D        | Received a gift from Sif Muna
  3645 | D        | Noticed a six-headed hydra
  3645 | D        | Killed a ghost crab
  3660 | D        | Killed a six-headed hydra
  3666 | D        | Noticed a bunyip
  3674 | D        | Killed a bunyip
  3674 | D        | Received a gift from Sif Muna
  3675 | D        | Got Sif Muna's Anthology of Changed Talus {god gift}
  3755 | D        | Reached XP level 13. HP: 63/63 MP: 11/46
  3939 | D        | Noticed a merfolk javelineer
  3954 | D        | Killed a merfolk javelineer
  3955 | D        | Reached skill level 10 in Ranged Weapons
  3957 | D        | Noticed a merfolk impaler
  3978 | D        | Killed a merfolk impaler
  3979 | D        | Reached skill level 10 in Dodging
  3981 | D        | Reached skill level 15 in Stealth
  3985 | D        | Received a gift from Sif Muna
  3993 | D        | Got Sif Muna's Tome of Summoning and Transmigration {god
                  | gift}
  4004 | D        | Learned a level 9 spell: Dragon's Call
  4125 | D        | Reached skill level 1 in Transmutations
  4137 | D        | Received a gift from Sif Muna
  4138 | D        | Got Sif Muna's Atlas of the Evil Eye and Abominable Deeds
                  | {god gift}
  4475 | D        | Noticed Snorg
  4482 | D        | Killed Snorg
  4482 | D        | Received a gift from Sif Muna
  4559 | D        | Noticed Saint Roka
  4585 | D        | Reached skill level 5 in Transmutations
  4588 | D        | Killed Saint Roka
  4649 | D        | Noticed a cyan very ugly thing
  4657 | D        | Received a gift from Sif Muna
  4672 | D        | Killed a cyan very ugly thing
  4678 | D        | Reached skill level 10 in Long Blades
  4716 | D        | Received a gift from Sif Muna
  4717 | D        | Got Sif Muna's Omnibus of Sweltering Rot {god gift}
  4720 | D        | Noticed a fire giant
  4729 | D        | Noticed a spark wasp
  4733 | D        | Noticed a spriggan defender
  4733 | D        | Killed a fire giant
  4753 | D        | Killed a spark wasp
  4758 | D        | Killed a spriggan defender
  4759 | D        | Reached XP level 14. HP: 63/68 MP: 7/47
  4816 | D        | Noticed a frost giant
  4818 | D        | Noticed a stone giant
  4827 | D        | Killed a frost giant
  4830 | D        | Noticed a brown very ugly thing
  4836 | D        | Killed a stone giant
  4846 | D        | Killed a brown very ugly thing
  4846 | D        | Received a gift from Sif Muna
  4847 | D        | Got Sif Muna's Intricacies of the Words of Power {god gift}
  4876 | D        | Noticed a frost giant
  4883 | D        | Killed from afar by an ice dragon

Illustrated notes

Levels and vault maps discovered:
D:        linesprint [early_d, line_temple, items_1, d_10, items_2, lair_1,
          lair_end, items_3, orc_1, orc_end, items_4, d_15, swamp_1, shoals_1,
          snake_1, spider_1, d_20, vaults_1, items_5, swamp_end, shoals_end,
          snake_end, spider_end, vaults_end, d_27, items_6, zot_1, zot_end,
          crypt_end, forest_end, elf_end, slime_end, tomb_end, abyss_end,
          pan_hell_end]

Skill      XL: |  1  2  3  4  5  6  7  8  9 10 11 12 13 14 |
---------------+-------------------------------------------+-----
Spellcasting   | 6 8 9 12 15 16 19 21 23 26 27 | 27.0
Summonings     | 6 8 11 14 16 18 20 23 24 25 26 | 26.1
Ranged Weapons | 9 11 | 11.3
Stealth        | 13 18 19 | 19.1
Long Blades    | 6 10 11 | 11.0
Dodging        | 9 13 14 | 14.4
Transmutations | 8 9 |  9.1

Action                     |  1- 3 |  4- 6 |  7- 9 | 10-12 | 13-15 || total
---------------------------+-------+-------+-------+-------+-------++-------
  Melee: Scimitar          |       |       |       |     1 |       ||     1
   Cast: Summon Small Mamm |    12 |       |       |       |       ||    12
         Call Canine Famil |     2 |     9 |     7 |     6 |       ||    24
         Summon Lightning  |       |    11 |     5 |     8 |       ||    24
         Summon Cactus Gia |       |       |       |     4 |       ||     4
         Monstrous Menager |       |       |       |    31 |    40 ||    71
         Summon Hydra      |       |       |       |     7 |       ||     7
         Dragon's Call     |       |       |       |       |     2 ||     2
    Use: Potion            |       |     2 |     1 |     4 |     4 ||    11
         Scroll            |       |       |       |    10 |     1 ||    11
 Armour: Robe              |       |       |       |       |     1 ||     1
  Dodge: Dodged            |     1 |     1 |       |    11 |    18 ||    31
         Repelled          |       |       |       |       |     2 ||     2
